 Dungeon Crawl Stone Soup version 0.22-a0-136-g83a10e5 (webtiles) character file.

4 Firecrotchwizard the Vandal (level 1, 0/14 HPs)
             Began as a Halfling Hunter on Feb 2, 2018.
             Slain by a hobgoblin
             ... wielding a +0 club
              (2 damage)
             ... on level 1 of the Dungeon.
             The game lasted 00:01:06 (237 turns).

Firecrotchwizard the Vandal (Halfling Hunter)        Turns: 237, Time: 00:01:07

Health: 0/14       AC:  3    Str: 13    XL:     1   Next: 77%
Magic:  1/1        EV: 14    Int:  9    God:
Gold:   5          SH:  0    Dex: 14    Spells: 0/0 levels left

rFire    . . .     SeeInvis .   b - +0 short sword
rCold    . . .     Gourm    .   (shield restricted)
rNeg     . . .     Faith    .   c - +0 leather armour
rPois    .         Spirit   .   (no helmet)
rElec    .         Reflect  .   (no cloak)
rCorr    .         Harm     .   (no gloves)
MR       .....                  (no boots)
Stlth    +.........             (no amulet)
HPRegen  0.04/turn              (no ring)
MPRegen  0.07/turn              (no ring)

@: no status effects
A: small, mutation resistance 1
a: no special abilities


You were on level 1 of the Dungeon.
You were not hungry.

You visited 1 branch of the dungeon, and saw 1 of its levels.

You collected 5 gold pieces.

Inventory:

Hand Weapons
 a - a +1 hunting sling
 b - a +0 short sword (weapon)
Missiles
 d - 20 sling bullets
 e - 15 stones (quivered)
Armour
 c - a +0 leather armour (worn)
Comestibles
 f - a ration {@e1}
 g - 2 chunks of flesh {@w0}


   Skills:
 - Level 1.7 Fighting
 + Level 6.2 Slings
 - Level 2.1 Dodging
 - Level 1.1 Stealth


You couldn't memorise any spells.
You didn't know any spells.

Dungeon Overview and Level Annotations

Branches:
Dungeon (1/15)

Altars:


Innate Abilities, Weirdness & Mutations

You are small and have problems with some larger weapons.
You are somewhat resistant to further mutation.


Message History

Throwing (i - inventory)
e - 15 stones (quivered)
Aim: a leopard gecko (clinging)
You throw a stone. The stone hits the leopard gecko.
A leopard gecko is nearby!
The leopard gecko closely misses you.
You see here 5 gold pieces.
You hit the leopard gecko but do no damage.
The leopard gecko completely misses you.
The leopard gecko closely misses you.
You barely miss the leopard gecko.
The leopard gecko bites you but does no damage.
You hit the leopard gecko. The leopard gecko bites you.
You take 1 damage, and have 13/14 hp.
You hit the leopard gecko.
You kill the leopard gecko!
Your Slings skill increases to level 6!
You see here a leopard gecko corpse.
You butcher the leopard gecko corpse.
g - 2 chunks of flesh {@w0} You now have 5 gold pieces.
There isn't anything here!
e - 15 stones (gained 1) Unknown command.
a - a +1 hunting sling (weapon)
Quiver which item? (- for none, * to show all) (? for menu, Esc to quit)
Quivering
e - 15 stones for slings.
You open the door.
There is an open door here.
You see here a leather armour.
You see here a leather armour.
There is an open door here.
A frilled lizard comes into view.
Health restored: 14
b - a +0 short sword (weapon)
The frilled lizard hisses angrily.
The frilled lizard barely misses you.
You barely miss the frilled lizard. The frilled lizard barely misses you.
You hit the frilled lizard but do no damage.
The frilled lizard closely misses you.
You hit the frilled lizard but do no damage.
The frilled lizard closely misses you.
You hit the frilled lizard.
You kill the frilled lizard!
A hobgoblin comes into view. It is wielding a club.
The hobgoblin shouts!
A bat comes into view.
Found a stone staircase leading down.
You barely miss the hobgoblin.
The hobgoblin hits you but does no damage.
A bat and a kobold come into view.
You barely miss the hobgoblin. The hobgoblin hits you with a club.
You take 1 damage, and have 13/14 hp.
You closely miss the hobgoblin.
The hobgoblin hits you but does no damage.
You closely miss the hobgoblin.
A kobold opens the large door.
The hobgoblin hits you with a club.
You take 3 damage, and have 10/14 hp.
MASSIVE DAMAGE!!
The bat hits you.
You take 1 damage, and have 9/14 hp.
A hobgoblin opens the door.
The bat closely misses you. The bat closely misses you.
The bat barely misses you. The bat hits you but does no damage.
The bat closely misses you. The bat barely misses you.
The bat barely misses you. The bat closely misses you.
The bat barely misses you. The bat hits you but does no damage.
The bat hits you but does no damage. The bat hits you but does no damage.
The bat hits you but does no damage. The bat barely misses you.
You closely miss the bat. The bat hits you. The bat barely misses you.
You take 1 damage, and have 8/14 hp.
You hit the bat. The bat hits you but does no damage. x2
You closely miss the bat. The bat closely misses you. The bat hits you.
You take 1 damage, and have 8/14 hp.
You barely miss the bat. The bat hits you.
You take 1 damage, and have 7/14 hp.
You hit the bat but do no damage. The bat hits you.
You take 1 damage, and have 6/14 hp.
You hit the bat but do no damage. The bat closely misses you.
The bat hits you but does no damage.
You hit the bat.
You kill the bat!
You closely miss the kobold. The kobold closely misses you.
You barely miss the kobold. The kobold hits you but does no damage.
You closely miss the kobold. The kobold barely misses you.
You barely miss the kobold. The kobold barely misses you.
You closely miss the kobold. The kobold closely misses you.
The kobold hits you with a short sword.
* * * LOW HITPOINT WARNING * * *
You take 4 damage, and have 2/14 hp.
MASSIVE DAMAGE!!
You hit the kobold.
You kill the kobold!
You hit the hobgoblin. The hobgoblin barely misses you.
You closely miss the hobgoblin. The hobgoblin hits you with a club.
You die...

#.....#...............#
###...................#
#.######............#
...###......#............#
.............g...........#
.............K#####..#####
.#............# #.##
.#>###......#.#####.#####
...............g@.......#
.#.######.#.#####...###.##
...................####..#
.###################.....#
.# ####......[.##.....#
.## ##...########.'.....#
..####.#### ###.....#
.#.##.## ###### #######
.#.#.## ###....###


You could see a hobgoblin.

Vanquished Creatures
  A leopard gecko (D:1)
  A bat (D:1)
  A frilled lizard (D:1)
  A kobold (D:1)
4 creatures vanquished.

Notes
Turn   | Place    | Note
-------+----------+-------------------------------------------
     0 | D:1      | Firecrotchwizard the Halfling Hunter began the quest for the Orb.
     0 | D:1      | Reached XP level 1. HP: 14/14 MP: 1/1
    51 | D:1      | Reached skill level 6 in Slings
   234 | D:1      | HP: 2/14 [kobold/short sword (4)]
   237 | D:1      | Slain by a hobgoblin

Vault maps used:
D:1:      dpeg_arrival_solitude, roderic_serpentine_path,
          kennysheep_flooded_box, grunt_decor_arrowhead, minmay_pentomino_p2

Skill      XL: |  1 |
---------------+----+-----
Slings         | 6 |  6.2
Fighting       | |  1.7
Dodging        | |  2.1
Stealth        | |  1.1

Action                   || total
-------------------------++-------
Melee: Short sword       ||    27
Throw: Stone             ||     1
Armor: Leather armour    ||     9
Dodge: Dodged            ||    24

Table legend:
 A = Spawn XP
 B = Non-spawn XP
 C = Spawn XP percentage of total XP
 D = Spawn monster count
 E = Non-spawn monster count
 F = Spawn count percentage of total count
 G = Total turns spent on level
                    A         B        C        D         E        F      G
               +---------+---------+-------+---------+---------+-------+---------
         Total |       0 |       7 |   0.0 |       0 |       4 |   0.0 |   237
               +---------+---------+-------+---------+---------+-------+---------
           D:1 |       0 |       7 |   0.0 |       0 |       4 |   0.0 |   237
               +---------+---------+-------+---------+---------+-------+---------

Vault maps used:
D:1:      dpeg_arrival_solitude, roderic_serpentine_path,
          kennysheep_flooded_box, grunt_decor_arrowhead, minmay_pentomino_p2

Table legend:
 A = Turns spent in this place as a percentage of turns spent in the entire game.
 B = Non-inter-level travel turns spent in this place as a percentage of non-inter-level travel turns spent in the entire game.
 C = Inter-level travel turns spent in this place as a percentage of turns spent in this place.
 D = Turns resting spent in this place as a percentage of non-inter-level travel turns spent in this place.
 E = Turns spent auto-exploring this place as a percentage of non-inter-level travel turns spent in this place.
 F = Non-inter-level travel turns spent in this place divided by the number of levels of this place that you've seen.
                   A       B       C       D       E      F
               +-------+-------+-------+-------+-------+----------------------
         Total | 100.0 | 100.0 |   0.0 |   0.0 |  70.9 | 237.0
       Dungeon | 100.0 | 100.0 |   0.0 |   0.0 |  70.9 | 237.0
               +-------+-------+-------+-------+-------+----------------------

Table legend:
 A = Kills in this place as a percentage of kills in entire the game.
 B = Kills by you in this place as a percentage of kills by you in the entire game.
 C = Kills by friends in this place as a percentage of kills by friends in the entire game.
 D = Other kills in this place as a percentage of other kills in the entire game.
 E = Experience gained in this place as a percentage of experience gained in the entire game.
 F = Experience gained in this place divided by the number of levels of this place that you have seen.
                   A       B       C       D       E      F
               +-------+-------+-------+-------+-------+----------------------
         Total | 100.0 | 100.0 |   N/A |   N/A | 100.0 |   7.0
       Dungeon | 100.0 | 100.0 |   N/A |   N/A | 100.0 |   7.0
               +-------+-------+-------+-------+-------+----------------------
